 Dungeon Crawl Stone Soup version 0.26-a0-844-g3dd439832f (webtiles) character file.

Game seed: 14970738594911065928

11277 robertstho the Frost Mage (level 11, -11/83 HPs)
             Began as a Gnoll Ice Elementalist on Nov 18, 2020.
             Was an Initiate of Gozag.
             Mangled by a storm dragon (12 damage)
             ... on level 10 of the Dungeon.
             The game lasted 00:26:03 (11207 turns).

robertstho the Frost Mage (Gnoll Ice Elementalist) Turns: 11207, Time: 00:26:04

Health: -11/83     AC: 14    Str: 10    XL:     11   Next: 75%
Magic:  15/32      EV: 19    Int: 27    God:    Gozag
Gold:   582        SH:  0    Dex: 20    Spells: 11/26 levels left

rFire    . . .     SeeInvis .   d - +2 whip (holy)
rCold    . . .     Faith    .   (no shield)
rNeg     . . .     Spirit   .   o - +2 robe {MR+}
rPois    .         Reflect  .   (no helmet)
rElec    .         Harm     .   K - +0 cloak {rCorr}
rCorr    +         Rampage  .   p - +0 pair of gloves
MR       +....                  N - +2 pair of boots of the Thirsty Bones {*Drain Int+6 Dex+4 Slay+5}
Stlth    ++++......             C - amulet of magic regeneration
HPRegen  0.23/turn              D - ring of magical power
MPRegen  0.48/turn              v - +4 ring of protection

@: gold aura, frozen ramparts, very slightly contaminated, invisible
A: distributed training, fangs 1, strong nose
a: Potion Petition, Call Merchant, Bribe Branch, Renounce Religion


You were on level 10 of the Dungeon.
You worshipped Gozag.
Gozag was pleased with you.
You visited 1 branch of the dungeon, and saw 10 of its levels.
You also visited: Ossuary.

You collected 2204 gold pieces.
You spent 1020 gold pieces at shops.
You paid 602 gold pieces to Gozag.

Inventory:

Hand Weapons
 c - a +0 hunting sling
 d - a +2 whip of holy wrath (weapon)
 s - a +1 dagger of protection
 B - a +0 mace
Missiles
 b - 54 poisoned darts (quivered)
 j - a throwing net
Armour
 o - a +2 robe of magic resistance (worn)
 p - a +0 pair of gloves (worn)
 K - a +0 cloak of preservation (worn)
 N - the +2 pair of boots of the Thirsty Bones (worn) {*Drain Int+6 Dex+4 Slay+5}
   (You found it on level 10 of the Dungeon)

   It affects your intelligence (+6).
   It affects your dexterity (+4).
   It affects your accuracy and damage with ranged weapons and melee attacks
   (+5).
   It causes draining when unequipped.
Jewellery
 n - an uncursed ring of fire
 r - an uncursed ring of positive energy
 v - a +4 ring of protection (right hand)
 C - an amulet of magic regeneration (around neck)
 D - a ring of magical power (left hand)
 M - an uncursed amulet of reflection {unknown}
Wands
 k - a wand of paralysis (7)
 y - a wand of random effects (21)
 E - a wand of polymorph (9)
 J - a wand of disintegration (11)
Scrolls
 a - a scroll of enchant weapon
 g - a scroll of holy word
 l - 4 scrolls of amnesia
 m - 7 scrolls of enchant armour
 u - a scroll of magic mapping
 w - 6 scrolls of fog
 A - 2 scrolls of immolation
 H - a scroll of vulnerability {unknown}
 O - a scroll of torment {unknown}
Potions
 e - 3 potions of invisibility
 f - 3 potions of curing
 i - a potion of flight
 q - a potion of brilliance {unknown}
 t - 5 potions of might
 x - 2 potions of attraction
 z - 3 potions of haste
 F - 5 potions of heal wounds {unknown}
 G - 2 potions of lignification
 I - a potion of mutation
 L - a potion of magic {unknown}


   Skills:
 + Level 6.6 Fighting
 + Level 6.6 Short Blades
 + Level 6.6 Long Blades
 + Level 6.6 Axes
 + Level 6.6 Maces & Flails
 + Level 6.6 Polearms
 + Level 6.6 Staves
 + Level 6.6 Slings
 + Level 6.6 Bows
 + Level 6.6 Crossbows
 + Level 6.6 Throwing
 + Level 6.6 Armour
 + Level 8.1 Dodging
 + Level 7.9 Stealth
 + Level 6.6 Shields
 + Level 6.6 Unarmed Combat
 + Level 8.4 Spellcasting
 + Level 5.4 Conjurations
 + Level 5.4 Hexes
 + Level 5.4 Summonings
 + Level 5.4 Necromancy
 + Level 5.4 Translocations
 + Level 5.4 Transmutations
 + Level 5.4 Fire Magic
 + Level 9.1 Ice Magic
 + Level 5.4 Air Magic
 + Level 5.4 Earth Magic
 + Level 5.4 Poison Magic
 + Level 7.2 Invocations
 + Level 6.6 Evocations


You had 11 spell levels left.
You knew the following spells:

 Your Spells              Type           Power        Failure   Level
a - Freeze                Ice            ####         1%          1
b - Frozen Ramparts       Ice            ######       1%          3
c - Ozocubu's Armour      Ice            ######..     1%          3
d - Hailstorm             Conj/Ice       ######..     2%          4
e - Summon Ice Beast      Ice/Summ       ######..     2%          4

Your spell library contained the following spells:

 Spells                   Type           Power        Failure   Level


Dungeon Overview and Level Annotations

Branches:
Dungeon (10/15)            Temple (0/1) D:5         Ossuary (visited)
   Lair: D:8-11         Orc: D:9-12

Altars:
Fedhas
Gozag
Kikubaaqudgha
Makhleb
Okawaru
Qazlal
Vehumet
Wu Jian
Xom
The Shining One

Shops:
D:5 *   D:7 =   D:9 }[

Annotations:
D:8 Need apportation to get robe n potions


Innate Abilities, Weirdness & Mutations

Your experience applies equally to all skills.
You have very sharp teeth.
Your uncanny sense of smell can sniff out nearby items.


Message History

The storm dragon is no longer distracted by gold.
The storm dragon roars deafeningly!
Your ice beast is unaffected.
The frozen ramparts melt away.
Casting: Hailstorm (dangerous; 2% risk of failure)
Confirm with . or Enter, or press ? or * to list all spells.
The walls around you are covered in ice.
The storm dragon resists.
The wall freezes the storm dragon.
The storm dragon misses you. The storm dragon claws you!
* * * LOW HITPOINT WARNING * * *
The storm dragon tramples you!
* * * LOW HITPOINT WARNING * * *
You hold your ground!
Your ice beast barely misses the storm dragon.
You feel better.
The storm dragon resists.
The wall freezes the storm dragon.
The storm dragon bites you!
* * * LOW HITPOINT WARNING * * *
The storm dragon claws you but does no damage.
The storm dragon tramples you!
You die...
Your body crumbles into a pile of gold.

..............#...........##..##.
...........................#.....
...>.........##....##............
.............#......#............
.............#...................
....###...............##....#....
....##.....###...#....#.....##..#
........######.Y###..............
......[.###....D@##..........#...
..............#..##.###...#..#...
...........#.##......###.##..##..
..........##.##.$###..#..#.[.####
..........#...##$######..#....#
##........###.#...#...#.(.....#
...........##.#.#..##.#.(....##
..............#...###.#......#
).............##.###.##......#


You could see a storm dragon and a friendly ice beast (summoned).

Vanquished Creatures
  2 fire dragons (D:10)
  An ogre mage (D:10)
  2 deep elf knights (D:10)
  The ghost of Giavanni the Carver, a novice MiBe of Trog (D:7)
  A deep elf mage (D:10)
  A queen bee (shapeshifter) (D:8)
  2 nameless horrors
  A hornet (D:10)
  A wyvern (D:8)
  A neqoxec (D:8)
  2 ice beasts
  An orc warrior (D:10)
  4 sky beasts
  A hornet zombie (D:10)
  A necrophage (D:5)
  4 ogres
  A black bear (D:9)
  A centaur (D:10)
  3 bullfrogs
  2 big kobolds
  An elf zombie (Ossuary)
  2 wyvern zombies (D:6)
  A scorpion (D:5)
  5 killer bees (D:9)
  2 bullfrog zombies (D:6)
  2 howler monkeys
  5 centaur zombies
  A centaur skeleton (D:8)
  6 orc priests
  6 hounds
  A jelly (D:10)
  10 orc wizards
  Jessica (D:2)
  An iguana (D:9)
  2 worker ants
  3 hound zombies
  3 mummies (Ossuary)
  A howler monkey zombie (D:6)
  8 gnolls
  A howler monkey skeleton (D:6)
  3 worker ant zombies
  8 adders
  2 shadow imps
  3 white imps
  2 ufetubi
  2 oozes
  An adder skeleton (D:7)
  4 adder zombies
  A worm (D:2)
  A dart slug (D:2)
  3 leopard geckos
  35 orcs
  5 giant cockroaches
  7 goblins
  4 hobgoblins
  12 jackals
  2 quokkas
  2 bats
  A frilled lizard (D:1)
  A hobgoblin zombie (Ossuary)
  6 jackal zombies (Ossuary)
  13 kobolds
  A kobold zombie (Ossuary)
  2 leopard gecko skeletons
  4 quokka skeletons
  9 rats
229 creatures vanquished.

Vanquished Creatures (collateral kills)
  The ghost of SolusNox the Cleaver, a novice MiBe of Trog (D:8)
  A two-headed ogre (D:9)
  A glowing orange brain (D:8)
  3 ugly things (D:8)
  Joseph (D:10)
  A rime drake (shapeshifter) (D:8)
  A troll (D:9)
  A necrophage (D:10)
  A centaur (D:8)
  An elf zombie (Ossuary)
  A jelly (D:10)
  A human zombie (Ossuary)
  3 orc wizards
  A worker ant (D:10)
  2 big kobold zombies (Ossuary)
  A hound skeleton (D:8)
  2 gnolls (D:9)
  An adder zombie (Ossuary)
  A leopard gecko (D:10)
  3 orcs (D:10)
  2 gnoll zombies (Ossuary)
  4 goblin zombies (Ossuary)
  3 hobgoblin zombies (Ossuary)
  3 jackal zombies (Ossuary)
  2 kobold zombies (Ossuary)
  4 rat zombies (Ossuary)
46 creatures vanquished.

Vanquished Creatures (others)
  An unseen horror (shapeshifter) (D:8)
  A white imp (D:8)
  A plant (D:1)
  5 withered plants (D:6)
8 creatures vanquished.

Grand Total: 283 creatures vanquished

Notes
Turn   | Place    | Note
-------+----------+-------------------------------------------
     0 | D:1      | robertstho the Gnoll Ice Elementalist began the quest for
                  | the Orb.
     0 | D:1      | Reached XP level 1. HP: 13/13 MP: 6/6
   299 | D:1      | Reached XP level 2. HP: 16/20 MP: 4/7
   748 | D:1      | Reached XP level 3. HP: 23/25 MP: 6/9
   920 | D:2      | Reached skill level 5 in Spellcasting
  1137 | D:2      | Reached skill level 1 in Invocations
  1141 | D:2      | Learned a level 3 spell: Frozen Ramparts
  1145 | D:2      | Learned a level 3 spell: Ozocubu's Armour
  1443 | D:2      | Found a stormy altar of Qazlal.
  1447 | D:2      | Noticed an air elemental
  1480 | D:2      | Noticed a water elemental
  1483 | D:2      | Noticed an earth elemental
  1484 | D:2      | Noticed a fire elemental
  1872 | D:2      | Noticed Jessica
  1882 | D:2      | Killed Jessica
  1883 | D:2      | Reached skill level 1 in Fighting
  1883 | D:2      | Reached skill level 1 in Short Blades
  1883 | D:2      | Reached skill level 1 in Long Blades
  1883 | D:2      | Reached skill level 1 in Axes
  1883 | D:2      | Reached skill level 1 in Maces & Flails
  1883 | D:2      | Reached skill level 1 in Polearms
  1883 | D:2      | Reached skill level 1 in Staves
  1883 | D:2      | Reached skill level 1 in Slings
  1883 | D:2      | Reached skill level 1 in Bows
  1883 | D:2      | Reached skill level 1 in Crossbows
  1883 | D:2      | Reached skill level 1 in Throwing
  1883 | D:2      | Reached skill level 1 in Armour
  1883 | D:2      | Reached skill level 1 in Shields
  1883 | D:2      | Reached skill level 1 in Unarmed Combat
  1883 | D:2      | Reached skill level 1 in Evocations
  1883 | D:2      | Reached XP level 4. HP: 24/32 MP: 7/11
  2388 | D:3      | Reached skill level 1 in Conjurations
  2388 | D:3      | Reached skill level 1 in Hexes
  2388 | D:3      | Reached skill level 1 in Summonings
  2388 | D:3      | Reached skill level 1 in Necromancy
  2388 | D:3      | Reached skill level 1 in Translocations
  2388 | D:3      | Reached skill level 1 in Transmutations
  2388 | D:3      | Reached skill level 1 in Fire Magic
  2388 | D:3      | Reached skill level 1 in Air Magic
  2388 | D:3      | Reached skill level 1 in Earth Magic
  2388 | D:3      | Reached skill level 1 in Poison Magic
  2701 | D:3      | Reached XP level 5. HP: 37/37 MP: 8/12
  2876 | D:3      | Found an ancient bone altar of Kikubaaqudgha.
  2935 | D:3      | Found an opulent altar of Gozag.
  3209 | D:3      | Became a worshipper of Gozag Ym Sagoz the Greedy
  3532 | D:4      | Found a burning altar of Makhleb.
  3886 | D:5      | Entered Level 5 of the Dungeon
  3898 | D:5      | Noticed a sky beast
  3908 | D:5      | Killed a sky beast
  3909 | D:5      | Reached XP level 6. HP: 36/44 MP: 10/14
  4021 | D:5      | Reached skill level 5 in Dodging
  4169 | D:5      | Found a stormy altar of Qazlal.
  4486 | D:5      | Reached XP level 7. HP: 50/50 MP: 15/15
  4534 | D:5      | Found a staircase to the Ecumenical Temple.
  5032 | D:5      | Found Zontehar's General Store.
  5040 | D:5      | Bought a scroll of immolation for 42 gold pieces
  5040 | D:5      | Bought a scroll of fog for 24 gold pieces
  5040 | D:5      | Bought a potion of haste for 120 gold pieces
  5297 | D:6      | Reached skill level 5 in Stealth
  5691 | D:6      | Reached XP level 8. HP: 56/56 MP: 12/16
  6380 | D:7      | Found a large runed translucent door.
  6380 | D:7      | Found a large runed translucent door.
  6380 | D:7      | Noticed Giavanni's ghost (novice MiBe)
  6514 | D:7      | Found a glowing golden altar of the Shining One.
  6517 | D:7      | Found an iron altar of Okawaru.
  6522 | D:7      | Found a shimmering altar of Xom.
  7013 | D:7      | Found Wour Ija's Jewellery Emporium.
  7021 | D:7      | Bought an uncursed amulet of magic regeneration for 390
                  | gold pieces
  7021 | D:7      | Bought an uncursed ring of magical power for 260 gold
                  | pieces
  7083 | D:7      | Learned a level 4 spell: Hailstorm
  7088 | D:7      | Learned a level 4 spell: Summon Ice Beast
  7337 | D:7      | Killed Giavanni's ghost
  7338 | D:7      | Reached XP level 9. HP: 41/64 MP: 18/18
  7559 | D:8      | Reached skill level 8 in Ice Magic
  7573 | D:8      | Found a sand-covered staircase.
  7576 | Ossuary  | Entered an ossuary
  7598 | Ossuary  | Noticed a nameless horror
  7606 | Ossuary  | Killed a nameless horror
  8463 | D:8      | Found a runed translucent gate.
  8464 | D:8      | Found a runed translucent gate.
  8464 | D:8      | Noticed a red ugly thing
  8465 | D:8      | Found a runed translucent gate.
  8465 | D:8      | Noticed a green ugly thing
  8465 | D:8      | Noticed a purple ugly thing
  8466 | D:8      | Noticed a glowing orange brain
  8597 | D:8      | Reached skill level 5 in Invocations
  8732 | D:8      | Found an ornate altar of the Wu Jian Council.
  8863 | D:8      | Killed a purple ugly thing
  8864 | D:8      | Killed a brown ugly thing
  8865 | D:8      | Reached XP level 10. HP: 72/72 MP: 14/20
  8865 | D:8      | Killed a cyan ugly thing
  8866 | D:8      | Reached skill level 5 in Fighting
  8866 | D:8      | Reached skill level 5 in Short Blades
  8866 | D:8      | Reached skill level 5 in Long Blades
  8866 | D:8      | Reached skill level 5 in Axes
  8866 | D:8      | Reached skill level 5 in Maces & Flails
  8866 | D:8      | Reached skill level 5 in Polearms
  8866 | D:8      | Reached skill level 5 in Staves
  8866 | D:8      | Reached skill level 5 in Slings
  8866 | D:8      | Reached skill level 5 in Bows
  8866 | D:8      | Reached skill level 5 in Crossbows
  8866 | D:8      | Reached skill level 5 in Throwing
  8866 | D:8      | Reached skill level 5 in Armour
  8866 | D:8      | Reached skill level 5 in Shields
  8866 | D:8      | Reached skill level 5 in Unarmed Combat
  8866 | D:8      | Reached skill level 5 in Evocations
  8866 | D:8      | Killed a glowing orange brain
  8880 | D:8      | Found a runed translucent gate.
  8880 | D:8      | Found a runed translucent gate.
  8885 | D:8      | Found a runed translucent gate.
  8885 | D:8      | Noticed SolusNox's ghost (novice MiBe)
  8902 | D:8      | Noticed a harpy
  8913 | D:8      | a harpy changed into a rime drake
  8915 | D:8      | Killed an unseen horror
  8925 | D:8      | Killed SolusNox's ghost
  9221 | D:9      | Noticed a two-headed ogre
  9231 | D:9      | Killed a two-headed ogre
  9310 | D:9      | Bought a +0 cloak of preservation for 184 gold pieces
  9320 | D:9      | Found Zicimiv's Gadget Boutique.
  9404 | D:9      | Reached XP level 11. HP: 81/81 MP: 22/22
  9475 | D:9      | Found a blossoming altar of Fedhas.
  9475 | D:9      | Found a radiant altar of Vehumet.
  9930 | D:10     | Entered Level 10 of the Dungeon
 10047 | D:10     | Paralysed by a hornet for 3 turns
 10283 | D:10     | Reached skill level 5 in Conjurations
 10283 | D:10     | Reached skill level 5 in Hexes
 10283 | D:10     | Reached skill level 5 in Summonings
 10283 | D:10     | Reached skill level 5 in Necromancy
 10283 | D:10     | Reached skill level 5 in Translocations
 10283 | D:10     | Reached skill level 5 in Transmutations
 10283 | D:10     | Reached skill level 5 in Fire Magic
 10283 | D:10     | Reached skill level 5 in Air Magic
 10283 | D:10     | Reached skill level 5 in Earth Magic
 10283 | D:10     | Reached skill level 5 in Poison Magic
 10303 | D:10     | Noticed Joseph
 10315 | D:10     | Killed Joseph
 10644 | D:10     | Got a pair of slimy boots
 10649 | D:10     | Identified the +2 pair of boots of the Thirsty Bones
                  | {*Drain Int+6 Dex+4 Slay+5} (You found it on level 10 of
                  | the Dungeon)
 10790 | D:10     | Found a runed translucent door.
 10790 | D:10     | Noticed an ogre mage
 10790 | D:10     | Noticed a deep elf knight
 10790 | D:10     | Noticed a deep elf mage
 10792 | D:10     | Noticed a glowing orange brain
 10792 | D:10     | Noticed a fire dragon
 10792 | D:10     | Noticed a deep elf knight
 10792 | D:10     | Noticed a fire dragon
 10792 | D:10     | Noticed a storm dragon
 10959 | D:10     | Killed an ogre mage
 10963 | D:10     | Killed a deep elf knight
 10975 | D:10     | Killed a deep elf knight
 10980 | D:10     | Killed a fire dragon
 10981 | D:10     | Reached skill level 9 in Ice Magic
 11187 | D:10     | Killed a fire dragon
 11202 | D:10     | Killed a deep elf mage
 11206 | D:10     | HP: 4/83 [storm dragon (13)]
 11207 | D:10     | HP: 1/83 [storm dragon (10)]
 11207 | D:10     | Mangled by a storm dragon

Illustrated notes

Levels and vault maps discovered:
D:1:      eino_arrival_water_cross, layout_rooms, serial_bayou_pond_b,
          minivault_14, minmay_domino_2
D:2:      layout_rooms, serial_corexii_hall, chequers_hall_statues_wall_a,
          corexii_hall_statues_l, grunt_ministairs_3,
          nicolae_qazlal_style_of_elements, uniq_jessica
D:3:      layout_basic, lemuel_round_altar, grunt_gozag_breadcrumbs
D:4:      layout_basic, kennysheep_little_box, minmay_misc_feat_chi
D:5:      layout_loops_ring, lemuel_doored_altar, minmay_temple_entry_slanted,
          serial_shops, nicolae_shop_stone
D:6:      layout_basic, serial_undead, serial_undead_c, serial_undead_f,
          serial_undead_c, serial_undead_e, serial_undead_b, serial_undead_b
D:7:      layout_cave_pools, grunt_temple_overflow_diamond, serial_shops,
          nicolae_shop_waterfront, ebering_ghost_disaster_area,
          minmay_misc_feat_five
D:8:      layout_cave_pools, nicolae_overflow_hidden_temple,
          lightli_ossuary_entry_decrepit_ruins,
          ploomutoo_gammafunk_ghost_potion_laboratory
D:9:      layout_cave_pools, gammafunk_temple_overflow_wave, serial_shops, shop,
          serial_column_ruins, column_ruins_grid_1, column_ruins_open_tiny,
          column_ruins_open_tiny, column_ruins_open_medium,
          column_ruins_open_small, column_ruins_open_tiny, billiards_dpeg
D:10:     minmay_gate_of_8, layout_cave_pools, uniq_joseph

Skill      XL: |  1  2  3  4  5  6  7  8  9 10 11 |
---------------+----------------------------------+-----
Spellcasting   | 5 6 7 8 |  8.4
Invocations    | 1 2 3 4 5 6 7 |  7.2
Fighting       | 1 2 4 5 6 |  6.6
Short Blades   | 1 2 4 5 6 |  6.6
Long Blades    | 1 2 4 5 6 |  6.6
Axes           | 1 2 4 5 6 |  6.6
Maces & Flails | 1 2 4 5 6 |  6.6
Polearms       | 1 2 4 5 6 |  6.6
Staves         | 1 2 4 5 6 |  6.6
Slings         | 1 2 4 5 6 |  6.6
Bows           | 1 2 4 5 6 |  6.6
Crossbows      | 1 2 4 5 6 |  6.6
Throwing       | 1 2 4 5 6 |  6.6
Armour         | 1 2 4 5 6 |  6.6
Shields        | 1 2 4 5 6 |  6.6
Unarmed Combat | 1 2 4 5 6 |  6.6
Evocations     | 1 2 4 5 6 |  6.6
Conjurations   | 1 2 3 4 5 |  5.4
Hexes          | 1 2 3 4 5 |  5.4
Summonings     | 1 2 3 4 5 |  5.4
Necromancy     | 1 2 3 4 5 |  5.4
Translocations | 1 2 3 4 5 |  5.4
Transmutations | 1 2 3 4 5 |  5.4
Fire Magic     | 1 2 3 4 5 |  5.4
Air Magic      | 1 2 3 4 5 |  5.4
Earth Magic    | 1 2 3 4 5 |  5.4
Poison Magic   | 1 2 3 4 5 |  5.4
Dodging        | 5 6 7 8 |  8.1
Stealth        | 5 6 7 |  7.9
Ice Magic      | 8 9 |  9.1

Action                   |  1- 3 |  4- 6 |  7- 9 | 10-12 || total
-------------------------+-------+-------+-------+-------++-------
Melee: Unarmed           |    21 |       |       |       ||    21
       Punch             |     1 |     1 |     3 |     3 ||     8
       Dagger            |    19 |    99 |   219 |       ||   337
       Bite              |     1 |    16 |    43 |    12 ||    72
       Whip              |       |       |   128 |    76 ||   204
 Cast: Freeze            |    29 |     5 |    12 |    12 ||    58
       Frozen Ramparts   |     4 |    13 |    34 |    24 ||    75
       Summon Ice Beast  |       |       |    23 |    39 ||    62
       Hailstorm         |       |       |     9 |    12 ||    21
       Ozocubu's Armour  |       |       |       |     2 ||     2
Invok: Call Merchant     |       |       |       |     1 ||     1
Evoke: Wand              |       |     1 |       |    10 ||    11
  Use: Scroll            |       |       |    17 |     1 ||    18
       Potion            |       |       |     2 |     5 ||     7
 Stab: Sleeping          |     2 |     4 |     5 |       ||    11
       Paralysed         |       |     1 |       |       ||     1
       Distracted        |       |       |     2 |     2 ||     4
Armor: Robe              |    19 |    37 |   141 |    45 ||   242
Dodge: Dodged            |    50 |    50 |   277 |   139 ||   516

Table legend: (Time is in decaauts)
 A = Elapsed time spent in this place.
 B = Non-inter-level travel time spent in this place.
 C = Inter-level travel time spent in this place.
 D = Time resting spent in this place.
 E = Time spent auto-exploring this place.
 F = Levels seen in this place.
 G = Mean time per level.
                   A        B        C        D        E       F      G
               +--------+--------+--------+--------+--------+-----+--------+
         Total |  11155 |  10709 |    446 |    688 |   7563 |  11 | 1014.1 |
       Dungeon |  10510 |  10064 |    446 |    627 |   7313 |  10 | 1051.0 |
       Ossuary |    644 |    644 |      0 |     61 |    250 |   1 |  644.0 |
               +--------+--------+--------+--------+--------+-----+--------+

Top non-repeatable levels by time:
     D:2: 1411 daAuts
     D:5: 1345 daAuts
     D:6: 1262 daAuts
    D:10: 1105 daAuts
     D:9: 1083 daAuts
     D:7: 966 daAuts
     D:1: 915 daAuts
     D:3: 912 daAuts
     D:8: 859 daAuts
     D:4: 647 daAuts
 Ossuary: 644 daAuts
